Cogmind - Beta 13 @@@ ROGUE MODE // 2024.04.29 @ 02:32:01 Player: gigi283 Result: Destroyed by CV-FGW(R) with Subdweller Laser Performance ------------- Evolutions (0) 0 Regions Visited (2) 400 Robots Destroyed (23) 115 Value Destroyed (710) 710 Prototype IDs (2) 40 Alien Tech Used (0) 0 Bonus (0) 0 TOTAL SCORE: 1265 Bonus ------- None Cogmind --------- Core Integrity 0/250 Matter 278/300 Energy 61/100 System Corruption 0% Temperature Cool (6) Movement Core (250) Ox4 Location -10/Subcaves Parts ------- > --- POWER (1) -------- (None) > --- PROPULSION (2) --- (None) > --- UTILITY (2) ------ Medium Storage Unit Power Shielding > --- WEAPON (2) ------- Subdweller Laser > --- INVENTORY (10) --- Aluminum Leg Structural Scanner Scrap Shield Battle Cannon Slug Cannon Bore Cannon Peak State ------------ > --- POWER ------------ Light Nuclear Core > --- PROPULSION ------- Aluminum Leg Aluminum Leg > --- UTILITY ---------- Medium Storage Unit Structural Scanner > --- WEAPON ----------- Subdweller Machine Gun Bore Cannon > --- INVENTORY -------- Aluminum Leg Power Shielding Scrap Shield Particle Gun Subdweller Laser Light Cannon Slug Cannon Grenade Launcher [Rating: 15] Favorites ----------- Power Ion Engine Engine Ion Engine Power Core Light Nuclear Core Propulsion Aluminum Leg Leg Aluminum Leg Utility Structural Scanner Device Structural Scanner Storage Small Storage Unit Protection Power Shielding Weapon Particle Gun Energy Gun Particle Gun Energy Cannon Beam Cannon Ballistic Gun Subdweller Machine Gun Ballistic Cannon Light Cannon Launcher Grenade Launcher Build | -11 -10 -10 ------- Run | Yrd Mat Sub Slots Evolved . | . . . Power . | . . . Propulsion . | . . . Utility . | . . . Weapon . | . . . Parts Attached 32 | 6 15 11 Power 6 | 1 1 4 Engine 5 | 1 1 3 Core 1 | . . 1 Reactor . | . . . Propulsion 6 | 2 4 . Treads . | . . . Leg 6 | 2 4 . Wheel . | . . . Hover . | . . . Flight . | . . . Utility 5 | 1 3 1 Device 2 | . 2 . Storage 2 | 1 1 . Processor . | . . . Hackware . | . . . Protection 1 | . . 1 Artifact . | . . . Weapon 15 | 2 7 6 Energy Gun 5 | 1 2 2 Energy Cannon 1 | . 1 . Ballistic Gun 4 | 1 1 2 Ballistic Cannon 3 | . 2 1 Launcher 2 | . 1 1 Special Weapon . | . . . Impact Weapon . | . . . Slashing Weapon . | . . . Piercing Weapon . | . . . Special Melee Weapon . | . . . Unidentified Prototypes . | . . . Parts Lost 8 | . 2 6 Power 1 | . . 1 Propulsion 2 | . . 2 Utility . | . . . Weapon 5 | . 2 3 Highest Loss Streak 5 | . 1 5 To Critical Strikes . | . . . Average Slot Usage (%) 98 | . 97 99 Engine 10 | . 14 6 Core 3 | . . 7 Leg 27 | . 27 27 Device 12 | . 12 13 Storage 14 | . 14 14 Energy Gun 9 | . 12 5 Energy Cannon 1 | . 1 . Ballistic Gun 5 | . 2 9 Ballistic Cannon 4 | . 5 4 Launcher 6 | . 5 8 Naked Turns . | . . . Heaviest Build 29 | 14 22 29 Greatest Support 20 | 20 20 20 Greatest Overweight (x) 5 | . 5 4 Average Overweight (x) . | . . 1 Largest Inventory Capacity 10 | 8 10 10 Average Capacity 8 | 6 8 10 Most Carried 10 | 5 8 10 Average Carried 7 | 2 5 9 Final Capacity 10 | 8 10 10 Final Carried 7 | 2 7 7 Class Distribution -------------------- 77% | Scavenger-Mutant 22% | Mutant Dominant Class ---------------- Scavenger-Mutant | -10/Materials Scavenger-Mutant | -10/Subcaves Resources | -11 -10 -10 ----------- Run | Yrd Mat Sub Matter Collected 714 | 260 268 186 Remotely . | . . . Salvage Created 713 | . 593 120 Parts 45 | . 41 4 Haulers Intercepted . | . . . Recyclers Shooed 1 | . 1 . Parts Field Recycled . | . . . Retrieved Matter . | . . . Parts Self-Destructed 12 | . . 12 Prevented . | . . . Kills | -11 -10 -10 ------- Run | Yrd Mat Sub Combat Hostiles Destroyed 21 | . 16 5 Guns 13 | . 11 2 Cannons 6 | . 5 1 AOE 2 | . . 2 Classes Destroyed 4 | . 3 1 Watcher 2 | . 2 . Swarmer 4 | . 3 1 Grunt 13 | . 13 . Subdweller 4 | . . 4 Best Kill Streak 3 | . 3 2 Combat Bots Only 3 | . 3 2 Max Kills in Single Turn 1 | . 1 1 Gunslinging . | . . . Exploded 1 | . . 1 Melee . | . . . Uniques/NPCs Destroyed . | . . . Combat | -11 -10 -10 -------- Run | Yrd Mat Sub Hostile Shots Fired 133 | . 84 49 Missed 45 | . 27 18 Damage Taken 1318 | . 626 692 Core 255 | . 96 159 Absorbed by Shields . | . . . Redirected to Shielding 8 | . . 8 Regen/Repaired (Parts) 68 | . 68 . Core Remaining (%) 100 | 100 . . Volleys Fired 105 | . 85 20 Largest 2 | . 2 2 Hottest 110 | . 100 110 Shots Fired 124 | . 99 25 Gun 80 | . 66 14 Cannon 33 | . 30 3 Launcher 11 | . 3 8 Special . | . . . Kinetic 43 | . 32 11 Thermal 50 | . 45 5 Explosive 11 | . 3 8 Electromagnetic 20 | . 19 1 Robot Hit Streak 10 | . 7 10 Robot Miss Streak 5 | . 5 2 Penetration Max . | . . . Secondary Targets 1 | . . 1 Max Gunslinging Chain 1 | . . 1 Shots Hit Robots 64 | . 49 15 Core Hits 33 | . 23 10 Critical Kills . | . . . Critical Parts Destroyed . | . . . Critical Strikes 1 | . . 1 Destroy 1 | . . 1 Melee Attacks . | . . . Impact . | . . . Slashing . | . . . Piercing . | . . . Sneak Attacks . | . . . Combat Hostiles . | . . . Follow-up Attacks . | . . . Damage Inflicted 1312 | . 814 498 Guns 736 | . 496 240 Cannons 330 | . 318 12 Explosions 246 | . . 246 Melee . | . . . Ramming . | . . . Kinetic 372 | . 224 148 Thermal 509 | . 422 87 Explosive 246 | . . 246 Electromagnetic 185 | . 168 17 Impact . | . . . Slashing . | . . . Piercing . | . . . Highest Corruption . | . . . Average Corruption . | . . . Corruption Purged . | . . . Corruption Blocked . | . . . Overload Shots . | . . . Overflow Damage . | . . . Projectiles . | . . . Explosions . | . . . Melee . | . . . Knockbacks 2 | . 2 . Impact . | . . . Kinetic 2 | . 2 . Secondary . | . . . Self-Inflicted Damage 30 | . . 30 Shots 1 | . . 1 Rammed . | . . . Targets Rammed . | . . . Kicked . | . . . Crushed . | . . . Highest Temperature 245 | . 245 1 Average Temperature 64 | . 64 1 Received Heat Transfer 444 | . 303 141 Effects 1 | . 1 . Interference 1 | . 1 . Siege Activations . | . . . Robots Corrupted . | . . . Combat Hostiles . | . . . Parts Fried . | . . . Impact Corruptions . | . . . Robots Melted . | . . . Combat Hostiles . | . . . Parts Melted 1 | . . 1 Heat Transferred 1025 | . 925 100 Parts Sabotaged . | . . . Parts Stolen . | . . . Parts Stripped . | . . . Power Chain Reactions . | . . . Alert | -11 -10 -10 ------- Run | Yrd Mat Sub Peak Influence 395 | . 395 . Initial . | . . . Average 180 | . 188 . Maximum Alert Level 1 | . 1 . Low Security (%) 61 | 100 59 . Level 1 38 | . 40 . Level 2 . | . . . Level 3 . | . . . Level 4 . | . . . Level 5 . | . . . High Security . | . . . Max Security . | . . . Squads Dispatched 3 | . 3 . Investigation 1 | . 1 . Extermination . | . . . Reinforcement 2 | . 2 . Assault . | . . . Garrison . | . . . Intercept . | . . . Searches Triggered . | . . . Construction Impeded . | . . . Haulers Reinforced . | . . . Active Scanning Responses . | . . . Cargo Convoy Interrupts . | . . . Stealth | -11 -10 -10 --------- Run | Yrd Mat Sub Distress Signals 1 | . 1 . Communications Jammed . | . . . Distress Signals . | . . . Times Spotted 47 | . 35 12 Peak Tracking Total 5 | . 5 4 Tactical Retreats 1 | . 1 . Traps | -11 -10 -10 ------- Run | Yrd Mat Sub Traps Triggered 2 | . 2 . Indirectly . | . . . Trap Hack Attempts . | . . . Triggered . | . . . Disarmed . | . . . Reprogrammed . | . . . Reused . | . . . Traps Extracted . | . . . Installed . | . . . Triggered . | . . . Machines | -11 -10 -10 ---------- Run | Yrd Mat Sub Machines Disabled 1 | . 1 . Max in Single Turn 1 | . 1 . Machines Repaired . | . . . Machines Dismantled . | . . . Machines Sabotaged . | . . . Overloaded Fab Kills . | . . . Hacking | -11 -10 -10 --------- Run | Yrd Mat Sub Machines Accessed 3 | . 3 . Terminals 2 | . 2 . Fabricators . | . . . Repair Stations 1 | . 1 . Recycling Units . | . . . Scanalyzers . | . . . Garrison Access . | . . . Total Hacks 9 | . 9 . Successful 6 | . 6 . Failed 3 | . 3 . Catastrophic . | . . . Database Lockouts . | . . . Manual . | . . . Terminals 4 | . 4 . Fabricators . | . . . Repair Stations 5 | . 5 . Recycling Units . | . . . Scanalyzers . | . . . Garrison Access . | . . . Terminal Hacks 2 | . 2 . Prototype ID Bank 1 | . 1 . Investigation Status 1 | . 1 . Fabricator Hacks . | . . . Repair Station Hacks 4 | . 4 . Scan Component 2 | . 2 . Repair 2 | . 2 . Recycling Unit Hacks . | . . . Scanalyzer . | . . . Garrison Access Hacks . | . . . Unauthorized Hacks . | . . . Terminals . | . . . Fabricators . | . . . Repair Stations . | . . . Recycling Units . | . . . Scanalyzers . | . . . Garrison Access . | . . . Data Cores Recovered . | . . . Used . | . . . Hacking Detections 2 | . 2 . Full Trace Events 1 | . 1 . Feedback Events . | . . . Feedback Blocked . | . . . Robot Schematics Acquired . | . . . Robots Built . | . . . Authchips . | . . . Time . | . . . Total Robot Build Rating . | . . . Part Schematics Acquired . | . . . Parts Built . | . . . Authchips . | . . . Time . | . . . Total Part Build Rating . | . . . Parts Repaired 2 | . 2 . Time 58 | . 58 . Parts Recycled . | . . . Recycled Matter . | . . . Retrieved Matter . | . . . Retrieved Components . | . . . Parts Scanalyzed . | . . . Part Schematics Acquired . | . . . Parts Damaged . | . . . Bothacking | -11 -10 -10 ------------ Run | Yrd Mat Sub Used RIF Installer . | . . . Robots Hacked . | . . . Non-combat . | . . . Combat . | . . . Robot Hacks Applied . | . . . Relay Couplers Released . | . . . Fabnet Peak Effective % . | . . . Robots Rewired . | . . . Allies Hacked . | . . . Hacks Repelled . | . . . Allies | -11 -10 -10 -------- Run | Yrd Mat Sub Total Allies . | . . . Largest Group . | . . . Highest-Rated Group . | . . . Highest-Rated Ally . | . . . Total Orders . | . . . Ally Attacks . | . . . Total Damage . | . . . Kills . | . . . Allies Corrupted . | . . . Allies Melted . | . . . Intel | -11 -10 -10 ------- Run | Yrd Mat Sub Robot Analysis Total . | . . . Derelict Logs Recovered 2 | . . 2 Drone Launches . | . . . Drone Recoveries . | . . . Exploration | -11 -10 -10 ------------- Run | Yrd Mat Sub Turns Passed 2395 | 66 1412 917 Spaces Moved 1321 | 49 827 445 Core 15 | 9 5 1 Treads . | . . . Legs 1306 | 40 822 444 Wheels . | . . . Hover . | . . . Flight . | . . . Fastest Speed 50 | 50 120 120 Average Speed 146 | 107 125 189 Slowest Speed 300 | 120 300 250 Overloaded Moves . | . . . Propulsion Burnouts . | . . . Robots Hopped . | . . . Cave-ins Triggered . | . . . Exploration Rate (%) 50 | 4 97 51 Regions Visited 2 Branch Regions 1 Pre-discovered Areas 2 | . . 2 Known Exits Taken . | . . . Unknown Exits Taken 2 | 1 1 . Scrap Searched 3 | . . 3 Spaces Dug . | . . . Terrain Destroyed 34 | . . 34 Melee . | . . . Projectile 3 | . . 3 AOE 31 | . . 31 Terrain Rammed . | . . . Walls Destroyed . | . . . Machines Disabled . | . . . Actions | -11 -10 -10 --------- Run | Yrd Mat Sub Total 1658 | 62 1099 497 Wait 146 | . 146 . Move 1319 | 48 826 445 Hop . | . . . Pick Up 37 | 8 19 10 Fast Attach 3 | . 2 1 Attach 18 | 6 7 5 Detach 1 | . . 1 Swap 11 | . 6 5 Drop 18 | . 8 10 Fire 105 | . 85 20 Melee . | . . . Ram . | . . . Kick . | . . . Crush . | . . . Escape Stasis . | . . . Rewire . | . . . Trap . | . . . Miscellaneous . | . . . Route ------- -11/Scrapyard -10/Materials (discovered 6 exits: [*Mat x3] / [*Min x2] / [*Sub]) -10/Subcaves History --------- Turn | Location | Event 5 | -11/Scrapyard | Discovered new exit (range 14) 67 | -11/Scrapyard | Entered Materials 313 | -10/Materials | Build established: Mutant 445 | -10/Materials | Discovered new exit (range 6) 683 | -10/Materials | Discovered new exit (range 16) 732 | -10/Materials | Repaired Particle Gun 760 | -10/Materials | Repaired Structural Scanner 883 | -10/Materials | Discovered new exit (range 6) 1083 | -10/Materials | Build established: Scavenger-Mutant 1163 | -10/Materials | Discovered new exit (range 7) 1331 | -10/Materials | Discovered new exit (range 15) 1462 | -10/Materials | Discovered new exit (range 9) 1479 | -10/Materials | Entered Subcaves 1510 | -10/Subcaves | Learned location of Storage (-8) 1581 | -10/Subcaves | Ambushed by swarm of Subdwellers 1701 | -10/Subcaves | A swath of the cavern ceiling suddenly collapsed 1808 | -10/Subcaves | Learned location of Zion (-7) 2178 | -10/Subcaves | A swath of the cavern ceiling suddenly collapsed 2349 | -10/Subcaves | Core integrity fell below 50% 2368 | -10/Subcaves | Core integrity fell below 20% 2396 | -10/Subcaves | Destroyed by CV-FGW(R) with Subdweller Laser Last Messages --------------- Sub. Optics crushed. A swath of the cavern ceiling suddenly collapses. Searching scrap... Found Battle Rifle. Found Scrap Shield. Found 28 Matter. GI-RGJ(z): "She is not going to be happy we haven't found any suitable candidates yet." Grenade Launcher destroyed. TL-DMV(R) destroyed. Switching to secondary target: VL-408(R). VL-408(R) affixes Scrap Shield Fragment to Scrap Shield. IA-DSQ(R) suffers critical hit (Destroy). Aluminum Leg destroyed. Sub. Machine Gun destroyed. Lgt. Nuclear Core destroyed. Riot Gun destroyed. Aluminum Leg destroyed. Map ----- +----------------------------------------------------+ | ?????????????????????????????????????????????????? | | ?????????????????????????????????????????????????? | | ?????????????????????????????????????????????????? | | ?????????????????????????????????????????????????? | | ?????????????????????????????????????????????????? | | ?????????????????????????????????????????????????? | | ?????????????????????????????????????????????????? | | ?????????????????????????????????????????????????? | | ?????????????????????????????????????????????????? | | ?????????????????????????????????????????????????? | | ?????????????????????????????????????????????????? | | ?????????????????????????????????????????????????? | | ?????????????????????????????????????????????????? | | ?????????????????????????????????????????????????? | | ?????????????????##"?????????????????????????????? | | ?????????????????##""????????????????????????????? | | ?????????????????#" " ?????####???###???? ?????? | | ?????????????????## ""????##################?????? | | ?????????????????## ??### ##### ### # ##?????? | | ??????????????????## #### # ????????? | | ??????????????????## ;### # # ## # ??????? | | ?????????????????### ## # # ## # ??????? | | ????????????????#### # ????? | | ????????????????### R ????? | | ???????????????### R #### ##?????????? | | ???????? ?###### @ R #########?????????? | | ??????? #### #;# ###?????????????? | | ??????? ##### "#?????????????? | | ??????? ###### ########?????### | | ????????? ### ###### ########????#### | | ????????? #### ## ## ##???#### | | ???????????##; ##??#### | | ???????????### ## ##??### | | ?????????#### ## ## ### ###### | | ?????????## ### #### ## ####### | | ????????? ### ########## # # # # | | ????????? ##### ########### | | ????????? ???########???????#### | | ????????????????#######????????###### ###### # | | ????????????????????????????????################## | | ???????????????????????????????????#######??###### | | ?????????????????????????????????????????????????? | | ?????????????????????????????????????????????????? | | ?????????????????????????????????????????????????? | | ?????????????????????????????????????????????????? | | ?????????????????????????????????????????????????? | | ?????????????????????????????????????????????????? | | ?????????????????????????????????????????????????? | | ?????????????????????????????????????????????????? | | ?????????????????????????????????????????????????? | +----------------------------------------------------+ Best States ------------- Heat Dissipation 25 Energy Generation 15 Energy Capacity 250 Matter Stores 300 Matter Capacity 300 Sight Range 16 Terrain Scan Density 10 Power Shielding 33 Evasion (%) 55 Item Schematics ----------------- None Robot Schematics ------------------ None Fabricated ------------ Nothing Alien Tech Used ----------------- None Achievements -------------- None Challenges ------------ None Game ------ Seed LobotomyBiocellBay Manual? 0 Play Time 00:34:31 Cumulative 4.3 hours Start 2024.04.29 @ 01:58:50 End 2024.04.29 @ 02:32:01 Sessions 1 Manual Loads 0 Difficulty Rogue Special Mode None Game No. 8 Rogue 8 Adventurer 0 Explorer 0 Win Type - Total 0 Types 0/0/0/0/0/0/0/0/0 Lore% 1 Gallery% 8 Achievement% 6 Wizard Run 0 Options --------- Layout 1 ASCII 0 Keyboard 0 Movement Mouse Keybinds 0 Fullscreen 2 Font 24/Smallcaps Map View 50x35 Zoom Use 0% Tactical HUD 0 Map Filters NONE Filters NONE Steam 1 RUN: 9620ad0b-3ba5-4e92-a19e-437ac8b63bd2